Senators vs Penguins

Created - janvier 14 2008 at 19:32

Goals
1 2 3 T
Senators 0 1 2 3
Penguins 1 1 2 4
Shots
1 2 3 T
Senators 11 10 10 31
Penguins 9 4 16 29

Period #1

1. Penguins , Jere Lehtinen 15 (Sidney Crosby, Josef Melichar) at 12:50 (PP)

Penalties :
Glen Wesley (PIT) for Hooking (Minor) at 6:27, Christian Backman (PIT) for Hooking (Minor) at 7:04, Dan Hamhuis (OTT) for Cross-checking (Minor) at 11:41, Jarkko Ruutu (PIT) for Hooking (Minor) at 14:56, Taylor Pyatt (PIT) for Tripping (Minor) at 18:18

Period #2

2. Senators , Maxim Afinogenov 13 (Anton Volchenkov) at 5:58
3. Penguins , Kris Draper 13 (Christian Backman, Dominic Moore) at 8:11

Penalties :
Chris Kunitz (OTT) for Holding (Minor) at 3:30, Jason Spezza (OTT) for Holding Stick (Minor) at 13:44, Brooks Orpik (PIT) for Holding (Minor) at 18:40

Period #3

4. Penguins , Evgeni Malkin 11 (Marian Hossa) at 8:31 (PP)
5. Penguins , Sidney Crosby 23 (Jere Lehtinen, Jarkko Ruutu) at 13:35
6. Senators , Chris Kunitz 10 (Petr Prucha, Dan Hamhuis) at 16:25
7. Senators , Ilya Kovalchuk 16 (Marc-Andre Bergeron, Tom Preissing) at 18:52 (PP)

Penalties :
Brooks Orpik (PIT) for Tripping (Minor) at 0:59, Simon Gagne (OTT) for Holding (Minor) at 4:42, Christoph Schubert (OTT) for Interference (Minor) at 7:33, Christoph Schubert (OTT) for Boarding (Minor) at 9:46, Brooks Orpik (PIT) for Roughing (Minor) at 18:02

Goalie Stats

Kari Lehtonen (OTT), 25 saves from 29 shots - (0,862), L, 20-10-0, 59:19 minutes
Marc-Andre Fleury (PIT), 28 saves from 31 shots - (0,903), W, 20-21-4, 60:00 minutes

Players Stats

Senators
Player Name              G  A  P  +/- PIM S  H  SB FO MP 
-----------------------------------------------------------
Andy Mcdonald            0  0  0  -1  0   1  0  0  27 21 
Anton Volchenkov         0  1  1   1  0   0  2  1  0  14 
Chris Kunitz             1  0  1  -1  2   4  4  1  0  18 
Christoph Schubert       0  0  0  -1  4   0  3  0  0  14 
Dan Hamhuis              0  1  1  -1  2   0  2  1  0  18 
Ilya Kovalchuk           1  0  1   1  0   4  1  0  0  15 
Jason Spezza             0  0  0   1  2   3  1  1  32 20 
Jay Bouwmeester          0  0  0   0  0   0  2  3  0  23 
Marc-Andre Bergeron      0  1  1   1  0   1  0  0  0  21 
Matt Carle               0  0  0   0  0   1  0  0  0  20 
Maxim Afinogenov         1  0  1   1  0   4  3  0  1  15 
Mike Cammalleri          0  0  0   0  0   1  2  0  1  17 
Peter Schaefer           0  0  0   0  0   0  1  0  0  12 
Petr Prucha              0  1  1  -1  0   3  0  0  0  14 
Rostislav Olesz          0  0  0   0  0   0  1  0  11 12 
Simon Gagne              0  0  0   0  2   7  4  1  1  19 
Stephen Weiss            0  0  0   0  0   1  2  0  22 18 
Tom Preissing            0  1  1   0  0   1  0  0  0  17 
Penguins
Player Name              G  A  P  +/- PIM S  H  SB FO MP 
-----------------------------------------------------------
Brooks Orpik             0  0  0   0  6   0  4  1  0  16 
Bryan Mccabe             0  0  0   0  0   0  1  3  0  25 
Christian Backman        0  1  1   0  2   1  0  0  0  16 
Dallas Drake             0  0  0   0  0   0  0  0  0  3  
Dominic Moore            0  1  1   0  0   2  1  1  0  15 
Evgeni Malkin            1  0  1   0  0   3  0  0  20 22 
Glen Wesley              0  0  0   0  2   1  1  0  0  22 
Jarkko Ruutu             0  1  1   0  2   1  0  1  5  18 
Jere Lehtinen            1  1  2   0  0   7  0  0  2  22 
Josef Melichar           0  1  1   0  0   1  0  2  0  23 
Kris Draper              1  0  1   0  0   3  4  0  14 15 
Marian Hossa             0  1  1   0  0   3  2  0  16 23 
Mark Bell                0  0  0   0  0   0  0  0  0  0  
Mark Parrish             0  0  0   0  0   2  0  0  0  15 
Martin Lapointe          0  0  0   0  0   0  1  0  0  3  
Scott Hannan             0  0  0   0  0   0  1  1  0  25 
Sidney Crosby            1  1  2   0  0   4  1  0  38 24 
Taylor Pyatt             0  0  0   0  2   1  0  0  0  18 

3 Stars

1 - Maxim Afinogenov (OTT)
2 - Sidney Crosby (PIT)
3 - Jere Lehtinen (PIT)

Power Play

Senators - 1 on 7 Attempt(s) - 14,29%
Penguins - 2 on 6 Attempt(s) - 33,33%

Penalty Kill

Senators - 4 on 6 Attempt(s) - 66,67% - Score 0 goal in Penalty Kill
Penguins - 6 on 7 Attempt(s) - 85,71% - Score 0 goal in Penalty Kill

Game Notes

No Game Note

Finance

Level 1 -- Attendance: 4815 (80,25%) -- Ticket Income 447 795,00 $
Level 2 -- Attendance: 4374 (87,47%) -- Ticket Income 240 570,00 $
Level 3 -- Attendance: 1789 (89,44%) -- Ticket Income 59 037,00 $
Level 4 -- Attendance: 3297 (82,43%) -- Ticket Income 56 049,00 $
Luxury Box -- Attendance: 901 (90,14%) -- Ticket Income 166 685,00 $
Game was played at the Mellon Arena
Total Attendance: 15176 (87,61%)
Total Ticket Income: 1 037 777,00 $
Other Income: 156 414,30 $
Total Income: 1 194 191,00 $


Play by Play

Period #1

0:01 of 1st period - Evgeni Malkin wins face-off versus Stephen Weiss in neutral zone.
0:43 of 1st period - Shot by Stephen Weiss.
0:43 of 1st period - Shot Misses the Net.
0:45 of 1st period - Shot by Stephen Weiss.
0:45 of 1st period - Stopped by Marc-Andre Fleury without a rebound.
0:46 of 1st period - Jason Spezza wins face-off versus Sidney Crosby in Penguins zone.
0:47 of 1st period - Shot by Ilya Kovalchuk.
0:47 of 1st period - Shot Misses the Net.
1:03 of 1st period - Shot by Sidney Crosby.
1:03 of 1st period - Shot Misses the Net.
1:25 of 1st period - Icing by Anton Volchenkov.
1:26 of 1st period - Kris Draper wins face-off versus Jason Spezza in Senators zone.
1:35 of 1st period - Shot by Maxim Afinogenov.
1:35 of 1st period - Shot Misses the Net.
1:55 of 1st period - Shot by Chris Kunitz.
1:55 of 1st period - Stopped by Marc-Andre Fleury without a rebound.
1:56 of 1st period - Evgeni Malkin wins face-off versus Stephen Weiss in Penguins zone.
1:56 of 1st period - Evgeni Malkin is hit by Simon Gagne.
2:37 of 1st period - Icing by Jay Bouwmeester.
2:38 of 1st period - Stephen Weiss wins face-off versus Sidney Crosby in Senators zone.
2:47 of 1st period - Shot by Sidney Crosby.
2:47 of 1st period - Stopped by Kari Lehtonen without a rebound.
2:48 of 1st period - Andy Mcdonald wins face-off versus Kris Draper in Senators zone.
3:05 of 1st period - Shot by Christian Backman.
3:05 of 1st period - Stopped by Kari Lehtonen without a rebound.
3:06 of 1st period - Jason Spezza wins face-off versus Sidney Crosby in Senators zone.
3:29 of 1st period - Shot by Jere Lehtinen.
3:29 of 1st period - Shot Misses the Net.
3:31 of 1st period - Shot by Josef Melichar.
3:31 of 1st period - Stopped by Kari Lehtonen without a rebound.
3:32 of 1st period - Andy Mcdonald wins face-off versus Evgeni Malkin in Senators zone.
3:32 of 1st period - Andy Mcdonald is hit by Marian Hossa.
4:05 of 1st period - Icing by Bryan Mccabe.
4:06 of 1st period - Stephen Weiss wins face-off versus Evgeni Malkin in Penguins zone.
4:12 of 1st period - Mike Cammalleri is hit by Bryan Mccabe.
4:18 of 1st period - Shot by Simon Gagne.
4:18 of 1st period - Stopped by Marc-Andre Fleury without a rebound.
4:19 of 1st period - Jason Spezza wins face-off versus Jere Lehtinen in Penguins zone.
4:46 of 1st period - Shot by Jason Spezza.
4:46 of 1st period - Stopped by Marc-Andre Fleury without a rebound.
4:47 of 1st period - Kris Draper wins face-off versus Stephen Weiss in Penguins zone.
5:23 of 1st period - Shot by Simon Gagne.
5:23 of 1st period - Stopped by Marc-Andre Fleury without a rebound.
5:24 of 1st period - Evgeni Malkin wins face-off versus Andy Mcdonald in Penguins zone.
5:46 of 1st period - Shot by Evgeni Malkin.
5:46 of 1st period - Shot Misses the Net.
5:56 of 1st period - Shot by Andy Mcdonald.
5:56 of 1st period - Shot Misses the Net.
6:00 of 1st period - Shot by Andy Mcdonald.
6:00 of 1st period - Shot Misses the Net.
6:27 of 1st period - Minor Penalty to Glen Wesley for Hooking.
6:28 of 1st period - Sidney Crosby wins face-off versus Jason Spezza in Penguins zone.
7:04 of 1st period - Minor Penalty to Christian Backman for Hooking.
7:05 of 1st period - Sidney Crosby wins face-off versus Andy Mcdonald in Penguins zone.
7:43 of 1st period - Shot by Simon Gagne.
7:43 of 1st period - Stopped by Marc-Andre Fleury without a rebound.
7:44 of 1st period - Jason Spezza wins face-off versus Marian Hossa in Penguins zone.
7:45 of 1st period - Shot by Marc-Andre Bergeron.
7:45 of 1st period - Shot Blocked by Bryan Mccabe.
7:49 of 1st period - Shot by Marc-Andre Bergeron.
7:49 of 1st period - Shot Misses the Net.
8:03 of 1st period - Shot by Ilya Kovalchuk.
8:03 of 1st period - Shot Misses the Net.
8:05 of 1st period - Shot by Ilya Kovalchuk.
8:05 of 1st period - Shot Misses the Net.
8:09 of 1st period - Shot by Marc-Andre Bergeron.
8:09 of 1st period - Stopped by Marc-Andre Fleury without a rebound.
8:10 of 1st period - Andy Mcdonald wins face-off versus Marian Hossa in Penguins zone.
9:49 of 1st period - Marc-Andre Bergeron is hit by Kris Draper and loses puck.
10:15 of 1st period - Shot by Ilya Kovalchuk.
10:15 of 1st period - Stopped by Marc-Andre Fleury without a rebound.
10:16 of 1st period - Stephen Weiss wins face-off versus Sidney Crosby in Penguins zone.
10:23 of 1st period - Shot by Mike Cammalleri.
10:23 of 1st period - Shot Misses the Net.
10:31 of 1st period - Jere Lehtinen is hit by Simon Gagne and loses puck.
10:45 of 1st period - Icing by Simon Gagne.
10:46 of 1st period - Evgeni Malkin wins face-off versus Stephen Weiss in Senators zone.
11:41 of 1st period - Shot by Jere Lehtinen.
11:41 of 1st period - Stopped by Kari Lehtonen without a rebound.
11:41 of 1st period - Minor Penalty to Dan Hamhuis for Cross-checking.
11:42 of 1st period - Rostislav Olesz wins face-off versus Sidney Crosby in Senators zone.
12:19 of 1st period - Off-side.
12:20 of 1st period - Rostislav Olesz wins face-off versus Evgeni Malkin in neutral zone.
12:23 of 1st period - Bryan Mccabe is hit by Peter Schaefer and loses puck.
12:44 of 1st period - Shot by Marian Hossa.
12:44 of 1st period - Stopped by Kari Lehtonen without a rebound.
12:45 of 1st period - Sidney Crosby wins face-off versus Stephen Weiss in Senators zone.
12:46 of 1st period - Shot by Jere Lehtinen.
12:46 of 1st period - Stopped by Kari Lehtonen with a rebound.
12:50 of 1st period - Shot by Sidney Crosby.
12:50 of 1st period - Deflect By Jere Lehtinen.
12:50 of 1st period - Goal by Jere Lehtinen - Senators : 0 - Penguins : 1.
12:51 of 1st period - Andy Mcdonald wins face-off versus Kris Draper in neutral zone.
13:19 of 1st period - Shot by Andy Mcdonald.
13:19 of 1st period - Shot Blocked by Brooks Orpik.
13:21 of 1st period - Shot by Chris Kunitz.
13:21 of 1st period - Stopped by Marc-Andre Fleury without a rebound.
13:22 of 1st period - Jarkko Ruutu wins face-off versus Jason Spezza in Penguins zone.
13:22 of 1st period - Jarkko Ruutu is hit by Ilya Kovalchuk.
14:06 of 1st period - Anton Volchenkov is hit by Martin Lapointe.
14:11 of 1st period - Marc-Andre Bergeron is hit by Scott Hannan and loses puck.
14:40 of 1st period - Mike Cammalleri is hit by Kris Draper and loses puck.
14:48 of 1st period - Off-side.
14:49 of 1st period - Sidney Crosby wins face-off versus Andy Mcdonald in neutral zone.
14:51 of 1st period - Off-side.
14:52 of 1st period - Jarkko Ruutu wins face-off versus Andy Mcdonald in neutral zone.
14:56 of 1st period - Minor Penalty to Jarkko Ruutu for Hooking.
14:57 of 1st period - Sidney Crosby wins face-off versus Andy Mcdonald in Senators zone.
15:53 of 1st period - Icing by Mike Cammalleri.
15:54 of 1st period - Marian Hossa wins face-off versus Jason Spezza in Senators zone.
15:58 of 1st period - Icing by Tom Preissing.
15:59 of 1st period - Jason Spezza wins face-off versus Marian Hossa in Senators zone.
17:07 of 1st period - Shot by Petr Prucha.
17:07 of 1st period - Stopped by Marc-Andre Fleury without a rebound.
17:08 of 1st period - Sidney Crosby wins face-off versus Andy Mcdonald in Penguins zone.
17:43 of 1st period - Shot by Jere Lehtinen.
17:43 of 1st period - Stopped by Kari Lehtonen without a rebound.
17:44 of 1st period - Kris Draper wins face-off versus Mike Cammalleri in Senators zone.
18:08 of 1st period - Shot by Dominic Moore.
18:08 of 1st period - Shot Blocked by Jay Bouwmeester.
18:13 of 1st period - Icing by Mike Cammalleri.
18:14 of 1st period - Marian Hossa wins face-off versus Stephen Weiss in Senators zone.
18:17 of 1st period - Shot by Evgeni Malkin.
18:17 of 1st period - Shot Blocked by Simon Gagne.
18:18 of 1st period - Minor Penalty to Taylor Pyatt for Tripping.
18:19 of 1st period - Sidney Crosby wins face-off versus Jason Spezza in Senators zone.
18:20 of 1st period - Shot by Jere Lehtinen.
18:20 of 1st period - Stopped by Kari Lehtonen without a rebound.
18:21 of 1st period - Sidney Crosby wins face-off versus Jason Spezza in Senators zone.
18:24 of 1st period - Shot by Sidney Crosby.
18:24 of 1st period - Deflect By Jere Lehtinen.
18:24 of 1st period - Shot Misses the Net.
18:43 of 1st period - Off-side.
18:44 of 1st period - Andy Mcdonald wins face-off versus Marian Hossa in neutral zone.
18:47 of 1st period - Shot by Maxim Afinogenov.
18:47 of 1st period - Stopped by Marc-Andre Fleury without a rebound.
18:48 of 1st period - Simon Gagne wins face-off versus Marian Hossa in Penguins zone.
19:53 of 1st period - Icing by Ilya Kovalchuk.
19:54 of 1st period - Marian Hossa wins face-off versus Jason Spezza in Senators zone.

Period #2

0:01 of 2nd period - Marian Hossa wins face-off versus Andy Mcdonald in neutral zone.
0:09 of 2nd period - Off-side.
0:10 of 2nd period - Jason Spezza wins face-off versus Marian Hossa in neutral zone.
0:17 of 2nd period - Shot by Ilya Kovalchuk.
0:17 of 2nd period - Shot Misses the Net.
1:53 of 2nd period - Shot by Simon Gagne.
1:53 of 2nd period - Shot Misses the Net.
1:55 of 2nd period - Shot by Matt Carle.
1:55 of 2nd period - Shot Misses the Net.
1:59 of 2nd period - Shot by Simon Gagne.
1:59 of 2nd period - Shot Blocked by Bryan Mccabe.
2:01 of 2nd period - Shot by Mike Cammalleri.
2:01 of 2nd period - Shot Misses the Net.
3:10 of 2nd period - Mark Parrish is hit by Christoph Schubert and loses puck.
3:30 of 2nd period - Minor Penalty to Chris Kunitz for Holding.
3:31 of 2nd period - Sidney Crosby wins face-off versus Rostislav Olesz in neutral zone.
3:54 of 2nd period - Shot by Jere Lehtinen.
3:54 of 2nd period - Stopped by Kari Lehtonen without a rebound.
3:55 of 2nd period - Sidney Crosby wins face-off versus Stephen Weiss in Senators zone.
5:05 of 2nd period - Icing by Josef Melichar.
5:06 of 2nd period - Sidney Crosby wins face-off versus Stephen Weiss in Penguins zone.
5:42 of 2nd period - Icing by Christian Backman.
5:43 of 2nd period - Kris Draper wins face-off versus Jason Spezza in Penguins zone.
5:58 of 2nd period - Shot by Maxim Afinogenov.
5:58 of 2nd period - Goal by Maxim Afinogenov - Senators : 1 - Penguins : 1.
5:59 of 2nd period - Stephen Weiss wins face-off versus Evgeni Malkin in neutral zone.
6:02 of 2nd period - Taylor Pyatt is hit by Stephen Weiss and loses puck.
6:20 of 2nd period - Marian Hossa is hit by Stephen Weiss and loses puck.
6:27 of 2nd period - Simon Gagne is hit by Marian Hossa and loses puck.
7:14 of 2nd period - Icing by Tom Preissing.
7:15 of 2nd period - Jarkko Ruutu wins face-off versus Jason Spezza in Senators zone.
7:26 of 2nd period - Icing by Dallas Drake.
7:27 of 2nd period - Jarkko Ruutu wins face-off versus Andy Mcdonald in Penguins zone.
7:27 of 2nd period - Jarkko Ruutu is hit by Chris Kunitz.
7:58 of 2nd period - Christian Backman is hit by Christoph Schubert and loses puck.
8:05 of 2nd period - Shot by Mark Parrish.
8:05 of 2nd period - Shot Misses the Net.
8:07 of 2nd period - Shot by Dominic Moore.
8:07 of 2nd period - Shot Misses the Net.
8:11 of 2nd period - Shot by Kris Draper.
8:11 of 2nd period - Goal by Kris Draper - Senators : 1 - Penguins : 2.
8:12 of 2nd period - Sidney Crosby wins face-off versus Jason Spezza in neutral zone.
8:31 of 2nd period - Shot by Jere Lehtinen.
8:31 of 2nd period - Shot Blocked by Jason Spezza.
9:36 of 2nd period - Shot by Mike Cammalleri.
9:36 of 2nd period - Shot Misses the Net.
9:40 of 2nd period - Shot by Mike Cammalleri.
9:40 of 2nd period - Shot Blocked by Josef Melichar.
9:42 of 2nd period - Shot by Matt Carle.
9:42 of 2nd period - Shot Misses the Net.
9:50 of 2nd period - Shot by Simon Gagne.
9:50 of 2nd period - Shot Blocked by Josef Melichar.
10:03 of 2nd period - Jere Lehtinen is hit by Christoph Schubert and loses puck.
10:38 of 2nd period - Shot by Petr Prucha.
10:38 of 2nd period - Stopped by Marc-Andre Fleury without a rebound.
10:39 of 2nd period - Kris Draper wins face-off versus Jason Spezza in Penguins zone.
10:39 of 2nd period - Kris Draper is hit by Jason Spezza.
11:35 of 2nd period - Shot by Simon Gagne.
11:35 of 2nd period - Stopped by Marc-Andre Fleury without a rebound.
11:36 of 2nd period - Evgeni Malkin wins face-off versus Stephen Weiss in Penguins zone.
11:41 of 2nd period - Shot by Simon Gagne.
11:41 of 2nd period - Shot Misses the Net.
11:43 of 2nd period - Shot by Matt Carle.
11:43 of 2nd period - Shot Misses the Net.
11:45 of 2nd period - Shot by Simon Gagne.
11:45 of 2nd period - Stopped by Marc-Andre Fleury without a rebound.
11:46 of 2nd period - Andy Mcdonald wins face-off versus Evgeni Malkin in Penguins zone.
12:12 of 2nd period - Bryan Mccabe is hit by Chris Kunitz and loses puck.
12:19 of 2nd period - Shot by Marian Hossa.
12:19 of 2nd period - Stopped by Kari Lehtonen with a rebound.
12:54 of 2nd period - Mark Parrish is hit by Jay Bouwmeester and loses puck.
13:01 of 2nd period - Shot by Dominic Moore.
13:01 of 2nd period - Deflect By Mark Parrish.
13:01 of 2nd period - Shot Blocked by Jay Bouwmeester.
13:11 of 2nd period - Shot by Simon Gagne.
13:11 of 2nd period - Deflect By Mike Cammalleri.
13:11 of 2nd period - Shot Misses the Net.
13:18 of 2nd period - Icing by Sidney Crosby.
13:19 of 2nd period - Jason Spezza wins face-off versus Sidney Crosby in Penguins zone.
13:41 of 2nd period - Martin Lapointe is hit by Anton Volchenkov.
13:44 of 2nd period - Minor Penalty to Jason Spezza for Holding Stick.
13:45 of 2nd period - Rostislav Olesz wins face-off versus Sidney Crosby in neutral zone.
14:13 of 2nd period - Off-side.
14:14 of 2nd period - Stephen Weiss wins face-off versus Evgeni Malkin in neutral zone.
14:20 of 2nd period - Icing by Evgeni Malkin.
14:21 of 2nd period - Evgeni Malkin wins face-off versus Rostislav Olesz in Penguins zone.
14:52 of 2nd period - Shot by Chris Kunitz.
14:52 of 2nd period - Shot Misses the Net.
15:23 of 2nd period - Shot by Jere Lehtinen.
15:23 of 2nd period - Shot Blocked by Anton Volchenkov.
15:25 of 2nd period - Shot by Glen Wesley.
15:25 of 2nd period - Stopped by Kari Lehtonen without a rebound.
15:26 of 2nd period - Sidney Crosby wins face-off versus Rostislav Olesz in Senators zone.
15:57 of 2nd period - Shot by Ilya Kovalchuk.
15:57 of 2nd period - Stopped by Marc-Andre Fleury without a rebound.
15:58 of 2nd period - Andy Mcdonald wins face-off versus Kris Draper in Penguins zone.
16:29 of 2nd period - Shot by Chris Kunitz.
16:29 of 2nd period - Stopped by Marc-Andre Fleury without a rebound.
16:30 of 2nd period - Jason Spezza wins face-off versus Sidney Crosby in Penguins zone.
17:14 of 2nd period - Icing by Glen Wesley.
17:15 of 2nd period - Sidney Crosby wins face-off versus Stephen Weiss in Penguins zone.
17:19 of 2nd period - Off-side.
17:20 of 2nd period - Kris Draper wins face-off versus Stephen Weiss in neutral zone.
17:23 of 2nd period - Stephen Weiss is hit by Dominic Moore and loses puck.
17:36 of 2nd period - Shot by Mike Cammalleri.
17:36 of 2nd period - Stopped by Marc-Andre Fleury without a rebound.
17:37 of 2nd period - Evgeni Malkin wins face-off versus Andy Mcdonald in Penguins zone.
17:37 of 2nd period - Evgeni Malkin is hit by Chris Kunitz.
17:51 of 2nd period - Shot by Andy Mcdonald.
17:51 of 2nd period - Shot Misses the Net.
18:35 of 2nd period - Petr Prucha is hit by Kris Draper and loses puck.
18:39 of 2nd period - Andy Mcdonald is hit by Brooks Orpik.
18:40 of 2nd period - Minor Penalty to Brooks Orpik for Holding.
18:41 of 2nd period - Sidney Crosby wins face-off versus Jason Spezza in Penguins zone.
19:07 of 2nd period - Shot by Tom Preissing.
19:07 of 2nd period - Stopped by Marc-Andre Fleury without a rebound.
19:08 of 2nd period - Andy Mcdonald wins face-off versus Marian Hossa in Penguins zone.
19:09 of 2nd period - Shot by Simon Gagne.
19:09 of 2nd period - Shot Misses the Net.
19:11 of 2nd period - Shot by Matt Carle.
19:11 of 2nd period - Stopped by Marc-Andre Fleury without a rebound.
19:12 of 2nd period - Andy Mcdonald wins face-off versus Sidney Crosby in Penguins zone.
19:27 of 2nd period - Shot by Simon Gagne.
19:27 of 2nd period - Shot Blocked by Bryan Mccabe.
19:43 of 2nd period - Shot by Simon Gagne.
19:43 of 2nd period - Stopped by Marc-Andre Fleury without a rebound.
19:44 of 2nd period - Sidney Crosby wins face-off versus Jason Spezza in Penguins zone.

Period #3

0:01 of 3rd period - Marian Hossa wins face-off versus Andy Mcdonald in neutral zone.
0:08 of 3rd period - Marian Hossa is hit by Simon Gagne.
0:37 of 3rd period - Sidney Crosby is hit by Simon Gagne and loses puck.
0:49 of 3rd period - Peter Schaefer is hit by Brooks Orpik and loses puck.
0:59 of 3rd period - Minor Penalty to Brooks Orpik for Tripping.
1:00 of 3rd period - Marian Hossa wins face-off versus Jason Spezza in Penguins zone.
1:21 of 3rd period - Shot by Ilya Kovalchuk.
1:21 of 3rd period - Deflect By Jason Spezza.
1:21 of 3rd period - Stopped by Marc-Andre Fleury without a rebound.
1:22 of 3rd period - Sidney Crosby wins face-off versus Andy Mcdonald in Penguins zone.
1:22 of 3rd period - Jere Lehtinen is hit by Maxim Afinogenov and loses puck.
1:34 of 3rd period - Icing by Jay Bouwmeester.
1:35 of 3rd period - Andy Mcdonald wins face-off versus Marian Hossa in Senators zone.
1:52 of 3rd period - Sidney Crosby is hit by Maxim Afinogenov and loses puck.
2:01 of 3rd period - Shot by Maxim Afinogenov.
2:01 of 3rd period - Stopped by Marc-Andre Fleury without a rebound.
2:02 of 3rd period - Jason Spezza wins face-off versus Marian Hossa in Penguins zone.
2:15 of 3rd period - Shot by Ilya Kovalchuk.
2:15 of 3rd period - Stopped by Marc-Andre Fleury without a rebound.
2:16 of 3rd period - Jason Spezza wins face-off versus Sidney Crosby in Penguins zone.
2:41 of 3rd period - Shot by Jason Spezza.
2:41 of 3rd period - Stopped by Marc-Andre Fleury without a rebound.
2:42 of 3rd period - Sidney Crosby wins face-off versus Andy Mcdonald in Penguins zone.
2:42 of 3rd period - Sidney Crosby is hit by Maxim Afinogenov.
2:51 of 3rd period - Off-side.
2:52 of 3rd period - Andy Mcdonald wins face-off versus Marian Hossa in neutral zone.
3:01 of 3rd period - Shot by Maxim Afinogenov.
3:01 of 3rd period - Stopped by Marc-Andre Fleury with a rebound.
3:11 of 3rd period - Shot by Andy Mcdonald.
3:11 of 3rd period - Shot Blocked by Dominic Moore.
4:19 of 3rd period - Shot by Marian Hossa.
4:19 of 3rd period - Stopped by Kari Lehtonen without a rebound.
4:20 of 3rd period - Sidney Crosby wins face-off versus Stephen Weiss in Senators zone.
4:25 of 3rd period - Shot by Jere Lehtinen.
4:25 of 3rd period - Shot Misses the Net.
4:29 of 3rd period - Shot by Sidney Crosby.
4:29 of 3rd period - Shot Misses the Net.
4:42 of 3rd period - Minor Penalty to Simon Gagne for Holding.
4:43 of 3rd period - Rostislav Olesz wins face-off versus Evgeni Malkin in Penguins zone.
4:52 of 3rd period - Shot by Bryan Mccabe.
4:52 of 3rd period - Shot Misses the Net.
4:54 of 3rd period - Shot by Taylor Pyatt.
4:54 of 3rd period - Shot Blocked by Dan Hamhuis.
4:56 of 3rd period - Shot by Taylor Pyatt.
4:56 of 3rd period - Stopped by Kari Lehtonen without a rebound.
4:57 of 3rd period - Rostislav Olesz wins face-off versus Sidney Crosby in Senators zone.
5:56 of 3rd period - Shot by Marian Hossa.
5:56 of 3rd period - Shot Blocked by Chris Kunitz.
6:28 of 3rd period - Shot by Bryan Mccabe.
6:28 of 3rd period - Shot Misses the Net.
7:01 of 3rd period - Kris Draper is hit by Anton Volchenkov.
7:04 of 3rd period - Icing by Marc-Andre Bergeron.
7:05 of 3rd period - Jason Spezza wins face-off versus Jere Lehtinen in Senators zone.
7:18 of 3rd period - Shot by Maxim Afinogenov.
7:18 of 3rd period - Shot Misses the Net.
7:20 of 3rd period - Shot by Marc-Andre Bergeron.
7:20 of 3rd period - Shot Misses the Net.
7:22 of 3rd period - Shot by Jason Spezza.
7:22 of 3rd period - Shot Blocked by Jarkko Ruutu.
7:33 of 3rd period - Minor Penalty to Christoph Schubert for Interference.
7:34 of 3rd period - Rostislav Olesz wins face-off versus Evgeni Malkin in Senators zone.
7:43 of 3rd period - Shot by Evgeni Malkin.
7:43 of 3rd period - Deflect By Marian Hossa.
7:43 of 3rd period - Shot Misses the Net.
7:45 of 3rd period - Shot by Evgeni Malkin.
7:45 of 3rd period - Stopped by Kari Lehtonen without a rebound.
7:46 of 3rd period - Sidney Crosby wins face-off versus Stephen Weiss in Senators zone.
7:51 of 3rd period - Shot by Jere Lehtinen.
7:51 of 3rd period - Stopped by Kari Lehtonen without a rebound.
7:52 of 3rd period - Rostislav Olesz wins face-off versus Sidney Crosby in Senators zone.
8:04 of 3rd period - Jere Lehtinen is hit by Dan Hamhuis and loses puck.
8:07 of 3rd period - Shot by Jere Lehtinen.
8:07 of 3rd period - Shot Misses the Net.
8:09 of 3rd period - Shot by Jarkko Ruutu.
8:09 of 3rd period - Stopped by Kari Lehtonen with a rebound.
8:11 of 3rd period - Shot by Josef Melichar.
8:11 of 3rd period - Shot Misses the Net.
8:13 of 3rd period - Shot by Josef Melichar.
8:13 of 3rd period - Shot Misses the Net.
8:31 of 3rd period - Shot by Evgeni Malkin.
8:31 of 3rd period - Goal by Evgeni Malkin - Senators : 1 - Penguins : 3.
8:32 of 3rd period - Kris Draper wins face-off versus Jason Spezza in neutral zone.
8:32 of 3rd period - Kris Draper is hit by Rostislav Olesz.
8:51 of 3rd period - Icing by Brooks Orpik.
8:52 of 3rd period - Kris Draper wins face-off versus Stephen Weiss in Penguins zone.
8:52 of 3rd period - Kris Draper is hit by Mike Cammalleri.
8:57 of 3rd period - Christian Backman is hit by Jay Bouwmeester and loses puck.
9:02 of 3rd period - Shot by Mark Parrish.
9:02 of 3rd period - Stopped by Kari Lehtonen with a rebound.
9:06 of 3rd period - Shot by Kris Draper.
9:06 of 3rd period - Stopped by Kari Lehtonen with a rebound.
9:08 of 3rd period - Shot by Mark Parrish.
9:08 of 3rd period - Shot Misses the Net.
9:12 of 3rd period - Shot by Kris Draper.
9:12 of 3rd period - Shot Misses the Net.
9:16 of 3rd period - Shot by Mark Parrish.
9:16 of 3rd period - Stopped by Kari Lehtonen without a rebound.
9:17 of 3rd period - Evgeni Malkin wins face-off versus Jason Spezza in Senators zone.
9:18 of 3rd period - Shot by Marian Hossa.
9:18 of 3rd period - Shot Misses the Net.
9:38 of 3rd period - Shot by Evgeni Malkin.
9:38 of 3rd period - Stopped by Kari Lehtonen without a rebound.
9:39 of 3rd period - Jarkko Ruutu wins face-off versus Andy Mcdonald in Senators zone.
9:45 of 3rd period - Sidney Crosby is hit by Dan Hamhuis.
9:46 of 3rd period - Minor Penalty to Christoph Schubert for Boarding.
9:47 of 3rd period - Stephen Weiss wins face-off versus Sidney Crosby in Senators zone.
10:26 of 3rd period - Shot by Sidney Crosby.
10:26 of 3rd period - Shot Misses the Net.
11:42 of 3rd period - Shot by Sidney Crosby.
11:42 of 3rd period - Stopped by Kari Lehtonen without a rebound.
11:43 of 3rd period - Rostislav Olesz wins face-off versus Sidney Crosby in Senators zone.
11:43 of 3rd period - Rostislav Olesz is hit by Sidney Crosby.
13:02 of 3rd period - Shot by Simon Gagne.
13:02 of 3rd period - Shot Misses the Net.
13:06 of 3rd period - Shot by Simon Gagne.
13:06 of 3rd period - Stopped by Marc-Andre Fleury without a rebound.
13:07 of 3rd period - Sidney Crosby wins face-off versus Andy Mcdonald in Penguins zone.
13:07 of 3rd period - Sidney Crosby is hit by Chris Kunitz.
13:33 of 3rd period - Shot by Sidney Crosby.
13:33 of 3rd period - Deflect By Jere Lehtinen.
13:33 of 3rd period - Shot Misses the Net.
13:35 of 3rd period - Shot by Sidney Crosby.
13:35 of 3rd period - Goal by Sidney Crosby - Senators : 1 - Penguins : 4.
13:36 of 3rd period - Stephen Weiss wins face-off versus Evgeni Malkin in neutral zone.
14:22 of 3rd period - Taylor Pyatt is hit by Mike Cammalleri and loses puck.
15:01 of 3rd period - Andy Mcdonald is hit by Glen Wesley and loses puck.
15:06 of 3rd period - Shot by Petr Prucha.
15:06 of 3rd period - Stopped by Marc-Andre Fleury without a rebound.
15:07 of 3rd period - Kris Draper wins face-off versus Jason Spezza in Penguins zone.
15:30 of 3rd period - Shot by Mark Parrish.
15:30 of 3rd period - Deflect By Dominic Moore.
15:30 of 3rd period - Stopped by Kari Lehtonen without a rebound.
15:31 of 3rd period - Sidney Crosby wins face-off versus Jason Spezza in Senators zone.
15:36 of 3rd period - Shot by Sidney Crosby.
15:36 of 3rd period - Stopped by Kari Lehtonen without a rebound.
15:37 of 3rd period - Sidney Crosby wins face-off versus Stephen Weiss in Senators zone.
15:40 of 3rd period - Shot by Jere Lehtinen.
15:40 of 3rd period - Shot Blocked by Jay Bouwmeester.
16:03 of 3rd period - Shot by Simon Gagne.
16:03 of 3rd period - Shot Misses the Net.
16:05 of 3rd period - Shot by Jay Bouwmeester.
16:05 of 3rd period - Shot Misses the Net.
16:07 of 3rd period - Shot by Simon Gagne.
16:07 of 3rd period - Deflect By Mike Cammalleri.
16:07 of 3rd period - Shot Misses the Net.
16:25 of 3rd period - Shot by Petr Prucha.
16:25 of 3rd period - Deflect By Chris Kunitz.
16:25 of 3rd period - Goal by Chris Kunitz - Senators : 2 - Penguins : 4.
16:26 of 3rd period - Evgeni Malkin wins face-off versus Maxim Afinogenov in neutral zone.
16:31 of 3rd period - Icing by Ilya Kovalchuk.
16:32 of 3rd period - Kris Draper wins face-off versus Jason Spezza in Senators zone.
16:35 of 3rd period - Shot by Dominic Moore.
16:35 of 3rd period - Shot Misses the Net.
16:37 of 3rd period - Shot by Kris Draper.
16:37 of 3rd period - Stopped by Kari Lehtonen with a rebound.
16:41 of 3rd period - Shot by Dominic Moore.
16:41 of 3rd period - Stopped by Kari Lehtonen without a rebound.
16:42 of 3rd period - Evgeni Malkin wins face-off versus Andy Mcdonald in Senators zone.
16:49 of 3rd period - Shot by Evgeni Malkin.
16:49 of 3rd period - Deflect By Marian Hossa.
16:49 of 3rd period - Shot Misses the Net.
17:25 of 3rd period - Shot by Andy Mcdonald.
17:25 of 3rd period - Stopped by Marc-Andre Fleury without a rebound.
17:26 of 3rd period - Kris Draper wins face-off versus Jason Spezza in Penguins zone.
17:33 of 3rd period - Jason Spezza is hit by Kris Draper.
17:40 of 3rd period - Maxim Afinogenov is hit by Brooks Orpik and loses puck.
18:01 of 3rd period - Maxim Afinogenov is hit by Brooks Orpik.
18:02 of 3rd period - Minor Penalty to Brooks Orpik for Roughing.
18:03 of 3rd period - Andy Mcdonald wins face-off versus Sidney Crosby in Penguins zone.
18:04 of 3rd period - Shot by Simon Gagne.
18:04 of 3rd period - Shot Misses the Net.
18:08 of 3rd period - Shot by Maxim Afinogenov.
18:08 of 3rd period - Shot Misses the Net.
18:10 of 3rd period - Shot by Matt Carle.
18:10 of 3rd period - Shot Misses the Net.
18:12 of 3rd period - Shot by Jay Bouwmeester.
18:12 of 3rd period - Shot Misses the Net.
18:52 of 3rd period - Shot by Marc-Andre Bergeron.
18:52 of 3rd period - Deflect By Ilya Kovalchuk.
18:52 of 3rd period - Goal by Ilya Kovalchuk - Senators : 3 - Penguins : 4.
18:53 of 3rd period - Jason Spezza wins face-off versus Evgeni Malkin in neutral zone.
19:19 of 3rd period - Senators, Kari Lehtonen is pulled from the net.
19:55 of 3rd period - Shot by Simon Gagne.
19:55 of 3rd period - Shot Blocked by Scott Hannan.
19:57 of 3rd period - Shot by Simon Gagne.
19:57 of 3rd period - Shot Misses the Net.
19:59 of 3rd period - Shot by Stephen Weiss.
19:59 of 3rd period - Shot Misses the Net.


Output by the SimonT Hockey Simulator (STHS) for Jean-Pierre Décarie -- Original Page W3C XHTML 1.0 Valid